 Dungeon Crawl Stone Soup version 0.22.0-16-gc6d26f69f9 (webtiles) character file.

2881 Rrauwl the Cleaver (level 9, -4/74 HPs)
             Began as a Minotaur Artificer on Aug 18, 2018.
             Was an Elder of Zin.
             Slain by a two-headed ogre
             ... wielding a +0 giant spiked club
              (18 damage)
             ... on level 8 of the Dungeon.
             The game lasted 00:21:00 (6516 turns).

Rrauwl the Cleaver (Minotaur Artificer)             Turns: 6516, Time: 00:21:00

Health: -4/74      AC: 10    Str: 21    XL:     9   Next: 48%
Magic:  20/20      EV:  9    Int:  8    God:    Zin [****..]
Gold:   383        SH:  0    Dex: 10    Spells: 8/8 levels left

rFire    . . .     SeeInvis .   a - +1 hand axe (elec)
rCold    . . .     Gourm    .   (no shield)
rNeg     + . .     Faith    .   m - +1 chain mail
rPois    .         Spirit   .   (helmet restricted)
rElec    .         Reflect  .   (no cloak)
rCorr    .         Harm     .   (no gloves)
MR       .....                  (no boots)
Stlth    ..........             g - amulet of rage
HPRegen  0.22/turn              o - ring of positive energy
MPRegen  0.17/turn              r - ring of magical power

@: no status effects
A: retaliatory headbutt, horns 2
a: Recite, Vitalisation, Imprison, Donate Gold, Renounce Religion, Evoke Berserk
Rage


You were on level 8 of the Dungeon.
You worshipped Zin.
Zin was greatly pleased with you.
You were not hungry.

You visited 2 branches of the dungeon, and saw 9 of its levels.

You collected 425 gold pieces.
You donated 42 gold pieces to Zin.

Inventory:

Hand Weapons
 a - a +1 hand axe of electrocution (weapon)
 c - a +1 flail of freezing
Missiles
 b - 2 tomahawks of dispersal (quivered)
Armour
 m - a +1 chain mail (worn)
Jewellery
 g - an amulet of rage (around neck)
 n - an uncursed amulet of magic regeneration
 o - a ring of positive energy (left hand)
 r - a ring of magical power (right hand)
Wands
 d - a wand of enslavement (11)
 s - a wand of flame (15)
Scrolls
 f - 4 scrolls of remove curse
 i - 3 scrolls of identify
 k - a scroll of enchant armour
 l - a scroll of enchant weapon
 t - a scroll of fear
 u - a scroll of blinking
Potions
 h - a potion of curing
 j - 2 potions of resistance
 p - 3 potions of flight
 q - 3 potions of brilliance
Comestibles
 e - 16 rations


   Skills:
 - Level 5.1 Fighting
   Level 1.1 Short Blades
 + Level 10.7 Axes
 - Level 5.0 Armour
 - Level 3.0 Dodging
 - Level 1.0 Stealth
 - Level 5.0 Invocations
 - Level 5.0 Evocations


You had 8 spell levels left.
You didn't know any spells.
Your spell library contained the following spells:

 Spells                   Type           Power        Failure   Level  Hunger
 Summon Small Mammal      Summ           #...         98%         1    ##.....
 Summon Ice Beast         Ice/Summ       #.......     100%        4    #####..
 Call Imp                 Summ           #.......     99%         2    ###....
 Call Canine Familiar     Summ           #.......     100%        3    ####...
 Summon Lightning Spire   Summ/Air       #.......     100%        4    #####..
 Summon Guardian Golem    Hex/Summ       #.......     100%        3    ####...


Dungeon Overview and Level Annotations

Branches:
Dungeon (8/15)             Temple (1/1) D:7
   Lair: D:8-11

Altars:
Ashenzari
Cheibriados
Dithmenos
Fedhas
Hepliaklqana
Kikubaaqudgha
Makhleb
Nemelex Xobeh
Okawaru
Qazlal
Ru
Sif Muna
Uskayaw
Vehumet
Xom
Yredelemnul
Zin

Shops:
D:5 }


Innate Abilities, Weirdness & Mutations

You reflexively headbutt those who attack you in melee.
You have a pair of horns on your head.


Message History

The two-headed ogre resists with some effort.
The two-headed ogre hits you with a giant spiked club!
The two-headed ogre hits you with a giant club!
You hit the two-headed ogre.
Lightning courses through the two-headed ogre!
Your headbutt misses the two-headed ogre.
The two-headed ogre is moderately wounded.
You hit the two-headed ogre but do no damage.
You headbutt the two-headed ogre!
The two-headed ogre is heavily wounded.
The two-headed ogre hits you with a giant spiked club.
The two-headed ogre hits you with a giant club!!
You barely miss the two-headed ogre. You headbutt the two-headed ogre.
The two-headed ogre is heavily wounded.
You hit the two-headed ogre but do no damage.
The two-headed ogre is heavily wounded.
The two-headed ogre hits you with a giant spiked club!
* * * LOW HITPOINT WARNING * * *
The two-headed ogre hits you with a giant club!!
You die...

### ###.# #
###...# .#
###.....# ..#
###......@#...#
#<........O...+
###.......#...#
###.....#...#
###...# ..#
###.# ..# ###
># ##


You could see a two-headed ogre.

Vanquished Creatures
  Prince Ribbit (D:7)
  A water moccasin (D:5)
  2 sky beasts
  2 orc warriors
  6 ogres
  A phantom (D:6)
  2 centaurs
  5 bullfrogs
  3 wights (D:6)
  3 howler monkeys (D:7)
  2 crimson imps
  4 hounds
  6 orc priests
  A centaur skeleton (D:6)
  A jelly (D:6)
  2 orc wizards
  4 worker ants
  A hound skeleton (D:6)
  6 adders
  2 shadow imps (D:6)
  An ooze (D:1)
  2 worms
  3 leopard geckos (D:2)
  27 orcs
  5 giant cockroaches
  15 goblins
  11 hobgoblins
  8 jackals
  8 quokkas
  A ball python (D:1)
  3 bats
  5 frilled lizards
  A jackal zombie (D:6)
  4 kobolds
  A leopard gecko zombie (D:6)
  13 rats
163 creatures vanquished.

Vanquished Creatures (collateral kills)
  An orc (D:6)
1 creature vanquished.

Vanquished Creatures (others)
  An orc warrior (D:6)
  A bullfrog (D:8)
2 creatures vanquished.

Grand Total: 166 creatures vanquished

Notes
Turn   | Place    | Note
-------+----------+-------------------------------------------
     0 | D:1      | Rrauwl the Minotaur Artificer began the quest for the Orb.
     0 | D:1      | Reached XP level 1. HP: 16/16 MP: 1/1
    83 | D:1      | Reached skill level 1 in Stealth
    89 | D:1      | Reached XP level 2. HP: 23/24 MP: 3/3
   117 | D:1      | Reached skill level 1 in Armour
   936 | D:2      | Reached XP level 3. HP: 30/30 MP: 4/4
  1368 | D:2      | Reached XP level 4. HP: 38/38 MP: 5/5
  1608 | D:3      | Reached skill level 1 in Axes
  1653 | D:3      | Found a snail-covered altar of Cheibriados.
  1675 | D:3      | Reached XP level 5. HP: 26/45 MP: 6/6
  1719 | D:3      | Found a glowing silver altar of Zin.
  1719 | D:3      | Noticed an angel
  1789 | D:3      | Became a worshipper of Zin the Law-Giver
  1789 | D:3      | Reached * piety under Zin
  1919 | D:3      | Reached ** piety under Zin
  2062 | D:3      | Found an ancient bone altar of Kikubaaqudgha.
  2443 | D:4      | Reached skill level 2 in Axes
  2746 | D:4      | Reached *** piety under Zin
  2782 | D:4      | Reached XP level 6. HP: 52/52 MP: 7/7
  3135 | D:5      | Entered Level 5 of the Dungeon
  3142 | D:5      | Found Agoviv's Gadget Boutique.
  3237 | D:5      | Reached skill level 3 in Axes
  3569 | D:5      | Noticed a water moccasin
  3574 | D:5      | Killed a water moccasin
  3574 | D:5      | Reached skill level 1 in Invocations
  3574 | D:5      | Reached XP level 7. HP: 56/60 MP: 8/8
  3824 | D:6      | Reached skill level 5 in Fighting
  4135 | D:5      | Reached skill level 4 in Axes
  4149 | D:5      | Reached skill level 5 in Armour
  4340 | D:6      | Reached XP level 8. HP: 63/68 MP: 10/10
  4366 | D:6      | Reached skill level 5 in Axes
  4429 | D:6      | Reached skill level 5 in Evocations
  4702 | D:6      | Reached skill level 6 in Axes
  4734 | D:6      | Reached **** piety under Zin
  4965 | D:6      | Reached skill level 5 in Invocations
  4983 | D:6      | Reached skill level 7 in Axes
  5397 | D:7      | Reached skill level 8 in Axes
  5397 | D:7      | Reached XP level 9. HP: 57/74 MP: 11/11
  5412 | D:7      | Noticed Prince Ribbit
  5422 | D:7      | Killed Prince Ribbit
  5481 | D:7      | Reached skill level 9 in Axes
  5866 | D:7      | Reached skill level 10 in Axes
  5942 | D:7      | Found a staircase to the Ecumenical Temple.
  5956 | Temple   | Entered the Ecumenical Temple
  6183 | D:7      | Found a hazy altar of Hepliaklqana.
  6503 | D:8      | Noticed a two-headed ogre
  6516 | D:8      | Slain by a two-headed ogre

Skill      XL: |  1  2  3  4  5  6  7  8  9 |
---------------+----------------------------+-----
Stealth        | 1 |  1.0
Armour         | 1 2 3 4 5 |  5.0
Fighting       | 2 3 4 5 |  5.1
Evocations     | 3 4 5 |  5.0
Axes           | 1 2 3 4 8 10 | 10.7
Dodging        | 3 |  3.0
Invocations    | 1 2 5 |  5.0
Short Blades   | |  1.1

Action                   |  1- 3 |  4- 6 |  7- 9 || total
-------------------------+-------+-------+-------++-------
Melee: Short sword       |   109 |       |       ||   109
       Headbutt          |    19 |    20 |    43 ||    82
       Hand axe          |    19 |   142 |   211 ||   372
       Mace              |     4 |       |       ||     4
Invok: Vitalisation      |       |     1 |       ||     1
       Recite            |       |       |     2 ||     2
Evoke: Wand              |       |       |     4 ||     4
  Use: Potion            |     5 |     4 |     2 ||    11
       Scroll            |     2 |    10 |     5 ||    17
  Eat: Chunk             |     2 |     6 |     2 ||    10
       Ration            |       |       |     3 ||     3
Armor: Scale mail        |     9 |       |       ||     9
       Chain mail        |    67 |    72 |    76 ||   215
Dodge: Dodged            |    55 |    61 |    81 ||   197
